 Dungeon Crawl Stone Soup version 0.23-a0-417-gf02c810438 (webtiles) character file.

9064 Napalmbreeze the Grappler (level 11, -5/109 HPs)
             Began as a Troll Berserker on Nov 10, 2018.
             Was an Elder of Trog.
             Killed from afar by a smoke demon (24 damage)
             ... with a ball of steam
             ... on level 2 of the Abyss.
             The game lasted 00:17:37 (7705 turns).

Napalmbreeze the Grappler (Troll Berserker)         Turns: 7705, Time: 00:17:41

Health: -5/109     AC: 15    Str: 29    XL:     11   Next: 18%
Magic:  10/10      EV: 12    Int:  4    God:    Trog [****..]
Gold:   662        SH:  0    Dex:  9    Spells: 10/10 levels left

rFire    . . .     SeeInvis .     - Unarmed
rCold    + . .     Gourm    +   (no shield)
rNeg     . . .     Faith    .   I - +0 troll leather armour
rPois    .         Spirit   .   (helmet restricted)
rElec    .         Reflect  .   y - +2 cloak
rCorr    .         Harm     .   (gloves unavailable)
MR       .....                  (boots unavailable)
Stlth    +.........             (no amulet)
HPRegen  1.08/turn              a - ring of protection from cold
MPRegen  0.12/turn              H - +5 ring of protection

@: berserk cooldown, slowed, very slow
A: large, unfitting armour, claws 3, fast metabolism 3, gourmand, regeneration
1, shaggy fur 1, tough skin 2
a: Berserk, Trog's Hand, Brothers in Arms, Renounce Religion


You were on level 2 of the Abyss.
You worshipped Trog.
Trog was greatly pleased with you.
You were hungry.

You visited 1 branch of the dungeon, and saw 10 of its levels.
You visited the Abyss 1 time.
You also visited: Ossuary.

You collected 662 gold pieces.

Inventory:

Hand Weapons
 E - a +0 giant spiked club
Missiles
 A - 2 large rocks (quivered)
Armour
 y - a +2 cloak (worn)
 z - a +2 robe of magic resistance
 I - a +0 troll leather armour (worn)
Jewellery
 a - a ring of protection from cold (left claw)
 H - a +5 ring of protection (right claw)
 N - a cursed -3 ring of evasion {unknown}
Wands
 l - a wand of flame (15)
 G - a wand of enslavement (10)
 K - a wand of iceblast (10)
 M - a wand of disintegration (10)
Scrolls
 c - 7 scrolls of remove curse
 e - 3 scrolls of fog {unknown}
 f - 4 scrolls of random uselessness {unknown}
 k - 9 scrolls of identify {unknown}
 n - 4 scrolls of teleportation {unknown}
 o - 4 scrolls of blinking {unknown}
 p - 4 scrolls of amnesia {unknown}
 t - 4 scrolls of magic mapping {unknown}
 u - a scroll of enchant weapon {unknown}
 x - a scroll of fear
 B - a scroll of acquirement {unknown}
 C - 2 scrolls of summoning {unknown}
 D - a scroll of immolation {unknown}
 F - a scroll of enchant armour {unknown}
 L - a scroll of holy word {unknown}
Potions
 d - 3 potions of mutation {unknown}
 g - 6 potions of brilliance
 h - 2 potions of magic {unknown}
 i - 5 potions of curing
 j - 6 potions of might {unknown}
 m - 3 potions of lignification {unknown}
 q - 2 potions of heal wounds {unknown}
 r - 2 potions of degeneration {unknown}
 s - 2 potions of cancellation {unknown}
 v - 2 potions of flight {unknown}
 w - 4 potions of haste
 J - a potion of invisibility {unknown}
Comestibles
 b - 21 rations


   Skills:
 + Level 7.6 Fighting
 + Level 3.3 Armour
 + Level 7.6 Dodging
 * Level 12.1 Unarmed Combat


You had 10 spell levels left.
You didn't know any spells.
Your spell library was empty.

Dungeon Overview and Level Annotations

Branches:
Dungeon (10/15)            Temple (0/1) D:7            Lair (0/6) D:9
    Orc: D:9-12

Altars:
Ashenzari
Cheibriados
Elyvilon
Nemelex Xobeh
Okawaru
Sif Muna
Uskayaw
Xom
Yredelemnul
Zin
The Shining One

Shops:
D:8 [   D:9 [

Annotations:
D:7 3 runed doors, FollowTheCloud's ghost, novice DsNe; SpaceButler's ghost, novice TrWr; domsik's ghost, novice HuFE; temitten's ghost, novice OpMo
D:10 Sonja


Innate Abilities, Weirdness & Mutations

You are too large for most types of armour.
You have claws for hands.
Your metabolism is lightning-fast.
You like to eat raw meat.
Your natural rate of healing is unusually fast.
You are covered in fur. (AC +1)
You have very tough skin. (AC +2)


Message History

You feel less resistant to hostile enchantments.
The smoke demon gestures at you. The sticky flame hits you!
You are covered in liquid flames!
The black mamba skeleton bites you but does no damage.
You feel better.
You are covered in liquid flames!
* * * LOW HITPOINT WARNING * * *
The black mamba skeleton misses you. The smoke demon completely misses you.
The smoke demon misses you.
The smoke demon hits you but does no damage.
The black mamba skeleton closely misses you.
Your ogre goes berserk!
You feel quite a bit more hungry.
You are covered in liquid flames!
* * * LOW HITPOINT WARNING * * *
The black mamba skeleton closely misses you.
The smoke demon gestures at you. The ball of steam hits you!
You die...

.....##.## #.
.3# ...
##.#...##.##
# 3##.#...#
### #..# ...
#..## ..# ##.
##... ..#
##.#Z####.##
##..3@..#
#....#.O.....
#.#..##.#...#
..
#....#.##..
#. #..# .# #
# ..##....
.#.. .#.# #.#
. . . #.


You could see a smoke demon, a black mamba skeleton and a friendly ogre
(berserk).

Vanquished Creatures
  Fannar (D:10)
  A two-headed ogre (D:9)
  A thrashing horror (Abyss:2)
  Maurice (D:10)
  A hellwing (Abyss:2)
  A troll (D:8)
  Grinder (D:4)
  2 large abominations (Abyss:2)
  2 hippogriffs
  A wraith (Ossuary)
  Menkaure (D:6)
  A neqoxec (Abyss:2)
  Edmund (D:6)
  A water moccasin (D:7)
  Duvessa (D:5)
  2 orc warriors
  2 black bears
  An eye of draining (D:9)
  2 sky beasts
  A necrophage (D:9)
  An ice beast (D:8)
  6 phantoms
  5 ogres
  6 centaurs
  A big kobold (D:7)
  3 bullfrogs
  An elf zombie (Ossuary)
  Dowan (D:5)
  A wyvern skeleton (D:8)
  5 scorpions
  6 killer bees (D:10)
  6 howler monkeys (D:8)
  6 crimson imps
  3 bullfrog zombies
  A human zombie (D:4)
  2 quasits (D:10)
  7 hounds
  2 centaur skeletons
  3 orc priests (D:9)
  A bullfrog skeleton (D:10)
  A gnoll shaman (D:7)
  5 iguanas
  5 worker ants
  An orc wizard (D:9)
  3 mummies (Ossuary)
  A hound skeleton (D:4)
  Robin (D:2)
  10 adders
  3 gnolls (D:7)
  A shadow imp (D:7)
  A white imp (Abyss:2)
  An ooze (D:4)
  An adder zombie (D:8)
  A dart slug (D:1)
  5 worms
  9 leopard geckos
  13 orcs
  A ball python (D:1)
  3 giant cockroaches
  8 hobgoblins
  7 jackals
  3 quokkas
  5 bats
  4 frilled lizards
  2 gnoll zombies
  17 goblins
  3 hobgoblin zombies (Ossuary)
  A jackal zombie (D:6)
  10 kobolds
  3 kobold zombies (Ossuary)
  An orc zombie (Ossuary)
  5 rats
227 creatures vanquished.

Vanquished Creatures (others)
  A jelly (D:7)
1 creature vanquished.

Grand Total: 228 creatures vanquished

Notes
Turn   | Place    | Note
-------+----------+-------------------------------------------
     0 | D:1      | Napalmbreeze the Troll Berserker began the quest for the
                  | Orb.
     0 | D:1      | Reached XP level 1. HP: 22/22 MP: 0/0
   133 | D:1      | Reached XP level 2. HP: 29/29 MP: 1/1
   191 | D:1      | Found a shattered altar of Ashenzari.
   467 | D:2      | Reached ** piety under Trog
   567 | D:2      | Found an iron altar of Okawaru.
   629 | D:2      | Reached XP level 3. HP: 19/36 MP: 2/2
  1093 | D:2      | Reached skill level 4 in Unarmed Combat
  1193 | D:2      | Reached XP level 4. HP: 44/44 MP: 3/3
  1237 | D:2      | Noticed Robin
  1243 | D:2      | Killed Robin
  1786 | D:3      | Reached *** piety under Trog
  2022 | D:3      | Noticed a phantom
  2037 | D:3      | Killed a phantom
  2037 | D:3      | Reached skill level 5 in Unarmed Combat
  2037 | D:3      | Reached XP level 5. HP: 53/53 MP: 4/4
  2449 | D:4      | Reached XP level 6. HP: 57/61 MP: 5/5
  2659 | D:4      | Found a sand-covered staircase.
  2673 | Ossuary  | Entered an ossuary
  2673 | Ossuary  | Noticed a wraith
  2673 | Ossuary  | Noticed a wraith
  2673 | Ossuary  | Noticed a wraith
  2709 | Ossuary  | Noticed a wraith
  2713 | Ossuary  | Killed a wraith
  2713 | Ossuary  | Reached skill level 6 in Unarmed Combat
  2713 | Ossuary  | Reached XP level 7. HP: 56/68 MP: 6/6
  3158 | D:4      | Reached **** piety under Trog
  3248 | D:4      | Noticed Grinder
  3248 | D:4      | Paralysed by Grinder for 7 turns
  3260 | D:4      | Killed Grinder
  3261 | D:4      | Reached skill level 7 in Unarmed Combat
  3653 | D:5      | Entered Level 5 of the Dungeon
  3713 | D:5      | Reached XP level 8. HP: 71/79 MP: 7/7
  3808 | D:5      | Noticed Duvessa
  3810 | D:5      | Noticed Dowan
  3824 | D:5      | Killed Duvessa
  3829 | D:5      | Killed Dowan
  3854 | D:5      | Found a snail-covered altar of Cheibriados.
  3867 | D:5      | Found a hide-covered altar of Uskayaw.
  3887 | D:5      | Found a glowing silver altar of Zin.
  3896 | D:5      | Found a deep blue altar of Sif Muna.
  4077 | D:6      | Noticed Menkaure
  4095 | D:6      | Killed Menkaure
  4095 | D:6      | Reached skill level 5 in Fighting
  4095 | D:6      | Reached skill level 5 in Dodging
  4095 | D:6      | Reached skill level 8 in Unarmed Combat
  4325 | D:6      | Found a sparkling altar of Nemelex Xobeh.
  4478 | D:6      | Noticed Edmund
  4485 | D:6      | Killed Edmund
  4499 | D:6      | Found a glowing golden altar of the Shining One.
  4508 | D:6      | Reached XP level 9. HP: 87/88 MP: 8/8
  4539 | D:6      | Reached skill level 9 in Unarmed Combat
  4771 | D:7      | Found a shimmering altar of Xom.
  4803 | D:7      | Found a staircase to the Ecumenical Temple.
  4874 | D:7      | Found a runed gate.
  4878 | D:7      | Found a runed gate.
  4879 | D:7      | Found a runed gate.
  5165 | D:7      | Noticed temitten's ghost (novice OpMo)
  5165 | D:7      | Noticed domsik's ghost (novice HuFE)
  5166 | D:7      | Noticed SpaceButler's ghost (novice TrWr)
  5166 | D:7      | Noticed FollowTheCloud's ghost (novice DsNe)
  5443 | D:7      | Reached skill level 10 in Unarmed Combat
  5644 | D:8      | Found Bomane's Antique Armour Shop.
  5818 | D:8      | Reached XP level 10. HP: 100/100 MP: 9/9
  6350 | D:9      | Reached skill level 11 in Unarmed Combat
  6356 | D:9      | Reached skill level 1 in Armour
  6476 | D:9      | Reached ***** piety under Trog
  6510 | D:9      | Noticed a two-headed ogre
  6517 | D:9      | Killed a two-headed ogre
  6618 | D:9      | Found a white marble altar of Elyvilon.
  6657 | D:9      | Found Fumeod's Armour Shop.
  6725 | D:9      | Found a staircase to the Lair.
  6796 | D:9      | Found a basalt altar of Yredelemnul.
  6947 | D:10     | Entered Level 10 of the Dungeon
  7027 | D:10     | Received a gift from Trog
  7217 | D:10     | Noticed Fannar
  7235 | D:10     | Killed Fannar
  7303 | D:10     | Noticed Maurice
  7322 | D:10     | Killed Maurice
  7322 | D:10     | Reached XP level 11. HP: 99/109 MP: 10/10
  7374 | D:10     | Noticed Sonja
  7476 | D:10     | Cast into level 2 of the Abyss (Sonja)
  7568 | Abyss:2  | Reached skill level 12 in Unarmed Combat
  7624 | Abyss:2  | Noticed a starcursed mass
  7649 | Abyss:2  | Noticed a thrashing horror
  7695 | Abyss:2  | Killed a thrashing horror
  7705 | Abyss:2  | Killed from afar by a smoke demon

Vault maps used:
D:1:      saegor_arrival_simple_c, evilmike_ruin_ashenzari
D:2:      first_ration, okawaru_gym_becter, uniq_robin
D:3:      wad_pebble_path
D:4:      enter_ossuary_3, uniq_grinder
D:5:      nicolae_overflow_hidden_temple, uniq_duvessa
D:6:      old_standard_altar, nemelex_xobeh_ov_fountains_minmay,
          lightli_minifort, uniq_edmund, uniq_menkaure
D:7:      kennysheep_little_box, minmay_temple_entry_overgrown,
          gammafunk_ghost_cemetery, grunt_ogre_cave, minmay_manual_mares
D:8:      serial_shops, shop
D:9:      kennysheep_ying_yang, lair_entry_dummy, serial_shops, shop
D:10:     uniq_fannar, uniq_sonja, uniq_maurice
Ossuary:  ossuary_kennysheep_city_of_the_dead

Skill      XL: |  1  2  3  4  5  6  7  8  9 10 11 |
---------------+----------------------------------+-----
Unarmed Combat | 4 5 6 7 8 10 11 12 | 12.1
Fighting       | 3 4 5 6 7 |  7.6
Dodging        | 3 4 5 6 7 |  7.6
Armour         | 2 3 |  3.3

Action                   |  1- 3 |  4- 6 |  7- 9 | 10-12 || total
-------------------------+-------+-------+-------+-------++-------
Melee: Unarmed           |    88 |   142 |   282 |   200 ||   712
       Punch             |     1 |       |    13 |    14 ||    28
Throw: Large rock        |       |       |       |     4 ||     4
Invok: Berserk           |     1 |     2 |     6 |     6 ||    15
       Trog's Hand       |       |       |     3 |     5 ||     8
       Brothers in Arms  |       |       |       |     2 ||     2
  Use: Scroll            |     2 |       |       |       ||     2
       Potion            |       |       |       |     3 ||     3
 Stab: Sleeping          |       |     1 |       |       ||     1
  Eat: Chunk             |    13 |    16 |    35 |    14 ||    78
       Ration            |       |       |     1 |     1 ||     2
Armor: Animal skin       |    32 |    38 |    12 |       ||    82
       Robe              |       |       |    76 |     7 ||    83
       Troll leather arm |       |       |       |   120 ||   120
Dodge: Dodged            |    33 |    76 |   132 |   147 ||   388

Table legend:
 A = Non-vault XP
 B = Vault XP
 C = Vault XP percentage of total XP
 D = Non-vault monster count
 E = Vault monster count
 F = Vault count percentage of total count
                 A         B        C        D         E       F
            +---------+---------+-------+---------+---------+-------
      Total |    9710 |    3239 |  25.0 |     186 |      41 |  18.1
            +---------+---------+-------+---------+---------+-------
        D:1 |      29 |       0 |   0.0 |      16 |       0 |   0.0
        D:2 |      68 |      38 |  35.8 |      16 |      13 |  44.8
        D:3 |     172 |       0 |   0.0 |      25 |       0 |   0.0
        D:4 |     333 |     327 |  49.5 |      16 |       3 |  15.8
        D:5 |     376 |     230 |  38.0 |       4 |       2 |  33.3
        D:6 |     533 |     474 |  47.1 |      17 |       5 |  22.7
        D:7 |    1206 |     333 |  21.6 |      29 |       3 |   9.4
        D:8 |    1690 |       0 |   0.0 |      17 |       0 |   0.0
        D:9 |    2515 |       0 |   0.0 |      27 |       0 |   0.0
       D:10 |     977 |    1480 |  60.2 |      13 |       2 |  13.3
    Abyss:2 |    1811 |       0 |   0.0 |       6 |       0 |   0.0
    Ossuary |       0 |     357 | 100.0 |       0 |      13 | 100.0
            +---------+---------+-------+---------+---------+-------
